 Dungeon Crawl Stone Soup version 0.20-a0-899-g09a9bfb (webtiles) character file.

122 theanonym the Sneak (level 4, -8/22 HPs)
             Began as a Spriggan Assassin on Mar 18, 2017.
             Mangled by Crazy Yiuf
             ... wielding a +3 quarterstaff of chaos
              (19 damage)
             ... on level 2 of the Dungeon.
             The game lasted 00:15:54 (2841 turns).

theanonym the Sneak (Spriggan Assassin)             Turns: 2841, Time: 00:15:55

Health: -8/22      AC:  4    Str:  7    XL:     4   Next: 78%
Magic:  5/5        EV: 18    Int: 12    God:
Gold:   70         SH:  0    Dex: 18    Spells: 3/3 levels left

rFire    . . .     SeeInvis +   a - +2 dagger
rCold    . . .     Gourm    .   c - +1 robe
rNeg     . . .     Faith    .   (shield restricted)
rPois    .         Spirit   .   (helmet restricted)
rElec    .         Reflect  .   d - +0 cloak
rCorr    .         Harm     .   (gloves unavailable)
MR       .....                  (boots unavailable)
Stlth    ++++......             (no amulet)
Regen    0.1/turn               l - ring of wizardry {Wiz+, !d}
MPRegen  0.1/turn               j - -2 ring of evasion (curse)

@: lethally poisoned (-8 -> -13), very quick
A: unfitting armour, see invisible, herbivore 3, speed 3, slow metabolism 2
a: no special abilities


You were on level 2 of the Dungeon.
You were not hungry.

You visited 1 branch of the dungeon, and saw 2 of its levels.

You collected 70 gold pieces.

Inventory:

Hand Weapons
 a - a +2 dagger (weapon)
 b - a +0 blowgun
Missiles
 e - 8 poisoned needles
 f - 4 curare-tipped needles
Armour
 c - a +1 robe (worn)
 d - a +0 cloak (worn)
Jewellery
 j - a cursed -2 ring of evasion (left hand)
   (You found it on level 1 of the Dungeon)
 l - a ring of wizardry (right hand) {Wiz+, !d}
   (You found it on level 2 of the Dungeon)
Scrolls
 i - 2 scrolls of enchant armour
 k - a scroll of amnesia
Books
 m - a book of Misfortune
   (You found it on level 2 of the Dungeon)
Comestibles
 g - 2 bread rations {@e1}


   Skills:
 - Level 1.5 Fighting
 + Level 3.7 Short Blades
 - Level 2.0 Throwing
 + Level 4.3 Dodging
 + Level 6.9 Stealth


You had 3 spell levels left.
You didn't know any spells.

Dungeon Overview and Level Annotations

Branches:
Dungeon (2/15)

Altars:

Annotations:
D:2 exclusions: 2 goblins and hobgoblin, Crazy Yiuf


Innate Abilities, Weirdness & Mutations

You are very small and have problems with some larger weapons.
You are too small for most types of armour.
You have supernaturally acute eyesight. (SInv)
You are a herbivore.
You cover ground extremely quickly.
You need consume almost no food.


Message History

No target in view!
No target in view!
A hobgoblin comes into view. It is wielding a club.
The hobgoblin shouts!
The hobgoblin hits you with a club.
You take 6 damage, and have 16/22 hp.
MASSIVE DAMAGE!!
You hit the hobgoblin. You hit the hobgoblin.
The hobgoblin completely misses you.
You closely miss the hobgoblin. The hobgoblin hits you with a club.
You take 2 damage, and have 14/22 hp.
You hit the hobgoblin.
The hobgoblin hits you but does no damage.
You hit the hobgoblin.
You kill the hobgoblin!
No target in view!
No target in view!
No target in view!
You start resting.
Health restored: 22 You now have 70 gold pieces (gained 14).
You see here a mace.
You see here a mace.
You see here a mace.
You see here a mace.
You see here a mace.
No target in view!
Unknown command.
Put on which piece of jewellery? (? for menu, Esc to quit)
l - a ring of wizardry (right hand)
You open the door.
Crazy Yiuf the Enlightened comes into view.
He is wielding a quarterstaff of chaos.
Crazy Yiuf shouts!
There is an open door here.
You see here a mace.
You hit Crazy Yiuf but do no damage.
Crazy Yiuf yells, "Peeping arga mobile!"
Crazy Yiuf closely misses you.
You hit Crazy Yiuf. Crazy Yiuf misses you.
You hit Crazy Yiuf but do no damage. You barely miss Crazy Yiuf.
Crazy Yiuf closely misses you.
You barely miss Crazy Yiuf.
Crazy Yiuf hits you with a quarterstaff of chaos.
You are poisoned.
You take 2 damage, and have 20/22 hp.
Unknown command.
Unknown command.
Unknown command.
Unknown command.
Unknown command.
Unknown command.
Unknown command.
Unknown command.
Unknown command.
Unknown command.
You hit Crazy Yiuf.
You feel sick. Crazy Yiuf closely misses you.
Unknown command.
Unknown command.
Unknown command.
Unknown command.
Unknown command.
Unknown command.
Unknown command.
Unknown command.
Unknown command.
Unknown command.
Unknown command.
Unknown command.
Unknown command.
Unknown command.
You take 1 damage, and have 19/22 hp.
You hit Crazy Yiuf.
You feel sick.
You take 1 damage, and have 18/22 hp.
You hit Crazy Yiuf. Crazy Yiuf closely misses you.
You hit Crazy Yiuf but do no damage.
You feel sick. Crazy Yiuf misses you.
You hit Crazy Yiuf. Crazy Yiuf closely misses you.
You take 1 damage, and have 17/22 hp.
You hit Crazy Yiuf.
You feel sick.
You hit Crazy Yiuf.
Crazy Yiuf hits you with a quarterstaff of chaos!
Crazy Yiuf freezes you.
* * * LOW HITPOINT WARNING * * *
You are too injured to fight recklessly!
You take 11 damage, and have 6/22 hp.
MASSIVE DAMAGE!!
Unknown command.
Unknown command.
Unknown command.
You feel much better.
You feel sick. Crazy Yiuf completely misses you.
You regained 15 hp, and now have 21/22 hp.
You hit Crazy Yiuf.
Crazy Yiuf screams, "Mountain aubergine stair!"
Crazy Yiuf hits you with a quarterstaff of chaos.
You take 5 damage, and have 16/22 hp.
MASSIVE DAMAGE!!
You hit Crazy Yiuf but do no damage.
Crazy Yiuf hits you with a quarterstaff of chaos.
You are electrocuted!
Ouch! That really hurt!
You die...

# #........#
♣.P.P♣
#......[....
# #.##.....#
♣♣).)♣
#.##...#.#.#
# #.##.....#
♣♣)♣♣
#'##...#....
#.##.....#
♣♣)♣
#......#....
#.##.....#
♣)♣♣
#...........
####.....#
♣♣)♣
#...........
#.....# ♣)♣♣
#...........
#.....#
##'##
#...........
#.....#
#)@)#
#.........>.
#######
#)g)#
#...........
#).)#
#......)....
#####
#...........
#...........
############


You could see Crazy Yiuf.

Vanquished Creatures
  Robin (D:2)
  4 adders (D:2)
  An ooze (D:2)
  A dart slug (D:1)
  2 leopard geckos
  3 giant cockroaches
  14 goblins
  17 hobgoblins
  6 bats
  3 frilled lizards
  6 kobolds
  6 rats
64 creatures vanquished.

Notes
Turn   | Place    | Note
-------+----------+-------------------------------------------
     0 | D:1      | theanonym the Spriggan Assassin began the quest for the Orb.
     0 | D:1      | Reached XP level 1. HP: 10/10 MP: 2/2
    38 | D:1      | Reached skill level 6 in Stealth
   184 | D:1      | Reached skill level 2 in Dodging
   194 | D:1      | Reached XP level 2. HP: 12/14 MP: 3/3
  1016 | D:1      | Reached XP level 3. HP: 18/18 MP: 4/4
  1058 | D:1      | Reached skill level 3 in Dodging
  1170 | D:2      | Reached skill level 3 in Short Blades
  1473 | D:2      | Noticed Robin
  1614 | D:2      | Reached XP level 4. HP: 22/22 MP: 5/5
  1707 | D:2      | HP: 5/22 [hobgoblin/club[Robin] (3)]
  1988 | D:1      | Reached skill level 4 in Dodging
  2179 | D:2      | Killed Robin
  2540 | D:2      | Found a runed door.
  2824 | D:2      | Noticed Crazy Yiuf
  2841 | D:2      | Mangled by Crazy Yiuf

Vault maps used:
D:1:      roderic_chinese_lattice_arrival
D:2:      uniq_crazy_yiuf_cottage, uniq_robin

Skill      XL: |  1  2  3  4 |
---------------+-------------+-----
Stealth        | 6 |  6.9
Dodging        | 2 3 4 |  4.3
Short Blades   | 3 |  3.7
Fighting       | |  1.5
Throwing       | |  2.0

Action                   |  1- 3 |  4- 6 || total
-------------------------+-------+-------++-------
Melee: Dagger            |   155 |   102 ||   257
  Use: Scroll            |     4 |       ||     4
       Potion            |     1 |     2 ||     3
 Stab: Sleeping          |     9 |     6 ||    15
Armor: Robe              |    25 |    11 ||    36
Dodge: Dodged            |    94 |    46 ||   140

Vault maps used:
D:1:      roderic_chinese_lattice_arrival
D:2:      uniq_crazy_yiuf_cottage, uniq_robin

Table legend:
 A = Turns spent in this place as a percentage of turns spent in the entire game.
 B = Non-inter-level travel turns spent in this place as a percentage of non-inter-level travel turns spent in the entire game.
 C = Inter-level travel turns spent in this place as a percentage of turns spent in this place.
 D = Turns resting spent in this place as a percentage of non-inter-level travel turns spent in this place.
 E = Turns spent auto-exploring this place as a percentage of non-inter-level travel turns spent in this place.
 F = Non-inter-level travel turns spent in this place divided by the number of levels of this place that you've seen.
                   A       B       C       D       E      F
               +-------+-------+-------+-------+-------+----------------------
         Total | 100.0 | 100.0 |   0.6 |   3.1 |   7.6 | 470.0
       Dungeon | 100.0 | 100.0 |   0.6 |   3.1 |   7.6 | 470.0
               +-------+-------+-------+-------+-------+----------------------

Table legend:
 A = Kills in this place as a percentage of kills in entire the game.
 B = Kills by you in this place as a percentage of kills by you in the entire game.
 C = Kills by friends in this place as a percentage of kills by friends in the entire game.
 D = Other kills in this place as a percentage of other kills in the entire game.
 E = Experience gained in this place as a percentage of experience gained in the entire game.
 F = Experience gained in this place divided by the number of levels of this place that you have seen.
                   A       B       C       D       E      F
               +-------+-------+-------+-------+-------+----------------------
         Total | 100.0 | 100.0 |  -nan |  -nan | 100.0 |  87.5
       Dungeon | 100.0 | 100.0 |  -nan |  -nan | 100.0 |  87.5
               +-------+-------+-------+-------+-------+----------------------
